 Dungeon Crawl Stone Soup version 0.31-a0-174-g85c54bcb58 (webtiles) character file.

Game seed: 18185752738230398337

9782 qw the Cleaver (level 11, -1/71 HPs)
             Began as a Gargoyle Fighter on June 15, 2023.
             Was an Elder of Okawaru.
             Slain by a death yak (7 damage)
             ... on level 1 of the Lair of Beasts.
             The game lasted 00:04:46 (8631 turns).

qw the Cleaver (Gargoyle Fighter)                   Turns: 8631, Time: 00:04:46

Health: -1/71      AC: 25    Str: 23    XL:     11   Next: 51%
Magic:  12/14      EV:  9    Int:  8    God:    Okawaru [****..]
Gold:   692        SH:  7    Dex: 13    Spells: 10/10 levels left

rFire   . . .        Y - +1 war axe
rCold   . . .        c - +0 buckler
rNeg    + . .        r - +0 plate armour
rPois   inf          (helmet restricted)
rElec   +            (no cloak)
rCorr   .            (no gloves)
SInv    +            (no boots)
Will    .....        l - amulet of the acrobat Stlth
                     b - ring of see invisible
HPRegen 0.31/turn    (no ring)
MPRegen 0.14/turn

%: acrobat
@: heroic, flying
A: sickness immunity, AC +8, negative energy resistance 1, electricity
resistance, torment resistance 1, petrification resistance, antennae 1, big
wings, iridescent scales 1, agile 1
a: Renounce Religion, Heroism, Finesse


You were on level 1 of the Lair of Beasts.
You worshipped Okawaru.
Okawaru was greatly pleased with you.
You visited 3 branches of the dungeon, and saw 10 of its levels.
You also visited: Ossuary.

You collected 692 gold pieces.


Innate Abilities, Weirdness & Mutations

You are immune to sickness and miasma.
Your stone body is resilient. (AC +8)
You are immune to poison.
You resist negative energy. (rN+)
You are resistant to electric shocks. (rElec)
You are resistant to unholy torment.
You are immune to petrification.
You have a pair of small antennae on your head.
Your large and strong wings let you fly.
You are partially covered in iridescent scales. (AC +2)
You are agile. (Dex +4, Str/Int -1)


   Skills:
 + Level 9.2(14.2) Fighting
 - Level 12.0(17.0) Axes
 - Level 2.4(7.4) Throwing
 - Level 7.0(12.0) Armour
 - Level 2.1(7.1) Dodging
 - Level 6.1(11.1) Shields
 + Level 4.2 Invocations


You had 10 spell levels left.
You didn't know any spells.
Your spell library was empty.

Inventory:

Hand Weapons
 n - a +0 flail
 Y - a +1 war axe (weapon)
Missiles
 s - 8 boomerangs (quivered)
Armour
 c - a +0 buckler (worn)
 r - a +0 plate armour (worn)
Jewellery
 b - a ring of see invisible (left hand)
 f - a ring of fire
 l - an amulet of the acrobat (around neck)
 u - an amulet of guardian spirit
Wands
 m - a wand of digging (6)
Scrolls
 k - 8 scrolls of identify
Potions
 a - a potion of cancellation
 d - a potion of might
 g - 6 potions of curing
 j - a potion of mutation
 o - 2 potions of magic
 p - 2 potions of haste
 q - 3 potions of lignification
 t - a potion of attraction

Dungeon Overview and Level Annotations

Branches:
Dungeon (8/15)             Temple (1/1) D:4            Lair (1/5) D:8
Ossuary (visited)

Altars:
Ashenzari
Cheibriados
Dithmenos
Elyvilon
Fedhas
Gozag
Kikubaaqudgha
Makhleb
Nemelex Xobeh
Okawaru
Qazlal
Ru
Sif Muna
Trog
Uskayaw
Vehumet
Xom
Yredelemnul

Shops:
D:7 *


Message History

You block the cane toad's attack. You block the death yak's attack.
You barely miss the death yak.
The death yak is moderately wounded.
You slash the cane toad! The cane toad stings you.
You hit the death yak.
The death yak is moderately wounded.
You closely miss the cane toad. The cane toad stings you!
8625 ||| DRINKING potion of heal wounds.
You feel much better.
The death yak gores you but does no damage.
The cane toad stings you but does no damage.
You slice the death yak!!
The death yak is heavily wounded.
You hit the cane toad. You hit the death yak but do no damage.
You slash the cane toad!
The cane toad is almost dead.
You completely miss the death yak. You hit the death yak but do no damage.
The cane toad stings you but does no damage.
You slash the cane toad!
You kill the cane toad!
Okawaru accepts your kill.
You hit the death yak but do no damage. You barely miss the death yak.
You hit the death yak but do no damage.
The death yak gores you but does no damage. x2
The death yak gores you.
You slash the death yak!
The death yak is severely wounded.
You hit the death yak. You completely miss the death yak.
You feel like a meek peon again.
8630 ||| INVOKING Heroism.
You gain the combat prowess of a mighty hero.
The death yak gores you but does no damage. x2
The death yak gores you!
You hit the death yak.
The death yak is severely wounded.
You hit the death yak. You slash the death yak! The death yak gores you! x2
You die...

.......#%#.}.#..#
.........#......#
.......#.#...#..P#
.......#......#...
........##.+#....
..##.###......##
.##.}. #..#.#..#
......#..b.....
#}.}...@Y.}...+
#.....YY%.....#
##.}..#.#.....#
....####......#
.... #....## ...
.....# #. ..#.#
...#


You could see 3 death yaks.

Vanquished Creatures
  2 two-headed ogres (D:8)
  A black mamba (Lair:1)
  A cane toad (Lair:1)
  3 komodo dragons (Lair:1)
  Prince Ribbit (D:8)
  3 basilisks (D:8)
  9 yaks
  Eustachio (D:6)
  2 wyverns (D:8)
  A steam dragon (D:7)
  Menkaure (D:7)
  9 water moccasins
  2 ice beasts
  5 black bears
  2 orc warriors
  An ogre (D:6)
  A centaur (D:8)
  7 wolves (Lair:1)
  Blork the orc (D:4)
  2 bullfrogs
  2 scorpions (D:5)
  3 wights (D:6)
  12 killer bees
  4 jellies
  3 orc priests
  6 hounds
  4 sleepcaps
  Ijyb (D:4)
  An iguana (D:5)
  11 orc wizards
  8 mummies (Ossuary)
  Robin (D:3)
  7 gnolls
  11 adders
  A white imp (D:5)
  An ufetubus (D:6)
  A worm (D:3)
  A dart slug (D:2)
  35 orcs
  5 endoplasms
  5 giant cockroaches
  A gnoll zombie (Ossuary)
  8 hobgoblins
  5 kobolds
  8 quokkas
  5 ball pythons
  7 bats
  5 frilled lizards
  14 goblins
  3 hobgoblin zombies (Ossuary)
  A kobold zombie (Ossuary)
  3 orc zombies (Ossuary)
  5 rats
243 creatures vanquished.

Notes
Turn   | Place    | Note
-------+----------+-------------------------------------------
     0 | D:1      | qw the Gargoyle Fighter began the quest for the Orb.
     0 | D:1      | Reached XP level 1. HP: 14/14 MP: 1/1
     0 | D:1      | 0 ||| qw: Version: 0.2-a-29-g511e9b1
     0 | D:1      | 0 ||| qw: Game counter: 5350
     0 | D:1      | 0 ||| qw: Always use a shield: true
     0 | D:1      | 0 ||| qw: God list: Okawaru
     0 | D:1      | 0 ||| qw: Allow faded altars: false
     0 | D:1      | 0 ||| qw: Do Orc after D:15 true
     0 | D:1      | 0 ||| qw: Do second Lair branch before Depths: true
     0 | D:1      | 0 ||| qw: Lair rune preference: random
     0 | D:1      | 0 ||| qw: Plans: Normal, Zot:1-4, Slime:5, God:TSO, Crypt,
                  | Tomb, Abyss, Pan, Hells, Win
     0 | D:1      | 0 ||| PLANNING D:1-11
    86 | D:1      | Reached skill level 2 in Axes
   145 | D:1      | Reached XP level 2. HP: 19/19 MP: 2/2
   755 | D:1      | Reached skill level 3 in Axes
  1082 | D:1      | 1082 ||| UPGRADING to +0 chain mail.
  1092 | D:1      | 1092 ||| DROPPING +0 scale mail.
  1093 | D:1      | 1093 ||| READING scroll labelled BUFEIT WIFEOK.
  1094 | D:1      | 1094 ||| READING scroll labelled WOYKOESUCA.
  1097 | D:1      | 1097 ||| READING scroll labelled UXENEYSTO YRO.
  1098 | D:1      | 1098 ||| READING scroll labelled PUWKAEKIVE.
  1099 | D:1      | 1099 ||| READING scroll labelled HEMAOL HOSIZA.
  1100 | D:1      | 1100 ||| READING scroll labelled XITWIO NUM HIK.
  1101 | D:1      | 1101 ||| READING scroll labelled ANLEUSTE LIOLL.
  1102 | D:1      | 1102 ||| DRINKING 2 amethyst potions.
  1111 | D:2      | Reached XP level 3. HP: 11/23 MP: 3/3
  1115 | D:2      | HP: 5/23 [gnoll/+0 spear (4)]
  1194 | D:2      | 1194 ||| DROPPING +0 club.
  1242 | D:2      | Reached XP level 4. HP: 28/28 MP: 4/4
  1335 | D:2      | Reached skill level 4 in Axes
  2059 | D:2      | 2059 ||| UPGRADING to ring of see invisible.
  2060 | D:2      | 2060 ||| READING scroll labelled ECZICKUDUNG.
  2061 | D:2      | 2061 ||| READING scroll labelled GUPAOSS JINO.
  2115 | D:3      | 2115 ||| Stepping ~*~*~tactically~*~*~ (stealth).
  2117 | D:3      | 2117 ||| Stepping ~*~*~tactically~*~*~ (stealth).
  2118 | D:3      | Noticed Robin
  2139 | D:3      | Killed Robin
  2140 | D:3      | Reached XP level 5. HP: 12/32 MP: 5/5
  2146 | D:3      | HP: 8/32 [goblin/+0 club[Robin] (6)]
  2297 | D:3      | 2297 ||| Stepping ~*~*~tactically~*~*~ (stealth).
  2348 | D:3      | 2348 ||| DROPPING +0 whip.
  2372 | D:3      | 2372 ||| Stepping ~*~*~tactically~*~*~ (stealth).
  2781 | D:3      | 2781 ||| UPGRADING to +0 helmet.
  2868 | D:4      | 2868 ||| Stepping ~*~*~tactically~*~*~ (hiding).
  2877 | D:4      | Reached skill level 5 in Axes
  2995 | D:4      | Found a staircase to the Ecumenical Temple.
  2996 | D:4      | 2996 ||| PLANNING TEMPLE
  2996 | D:4      | 2996 ||| READING scroll labelled IFAYBU KUCU ODARRO.
  3002 | Temple   | Entered the Ecumenical Temple
  3013 | Temple   | 3013 ||| PLANNING OKAWARU WORSHIP
  3196 | Temple   | Became a worshipper of Warmaster Okawaru
  3197 | Temple   | 3197 ||| PLANNING D:1-11
  3256 | D:4      | 3256 ||| DROPPING +0 mace.
  3274 | D:4      | Noticed Ijyb
  3275 | D:4      | 3275 ||| Stepping ~*~*~tactically~*~*~ (hiding).
  3278 | D:4      | 3278 ||| Stepping ~*~*~tactically~*~*~ (stealth).
  3285 | D:4      | HP: 6/32 [Ijyb/bolt of dispelling energy (9)]
  3290 | D:4      | HP: 1/32 [Ijyb/+0 dagger (3)]
  3291 | D:4      | Killed Ijyb
  3292 | D:4      | Reached XP level 6. HP: 1/38 MP: 6/6
  3492 | D:4      | 3492 ||| Stepping ~*~*~tactically~*~*~ (hiding).
  3499 | D:4      | 3499 ||| DRINKING 2 potions of curing.
  3499 | D:4      | 3499 ||| (to cure confusion)
  3539 | D:4      | Noticed Blork the orc
  3552 | D:4      | Killed Blork the orc
  3553 | D:4      | Reached skill level 6 in Axes
  3666 | D:4      | Found a shimmering blue altar of Sif Muna.
  3783 | D:4      | Reached * piety under Okawaru
  3975 | D:4      | 3975 ||| DRINKING 4 fuming sapphire potions.
  3976 | D:4      | 3976 ||| DRINKING 2 bubbling clear potions.
  4008 | D:4      | 4008 ||| READING 2 scrolls of identify.
  4008 | D:4      | 4008 ||| IDENTIFYING viscous silvery potion
  4042 | D:5      | Entered Level 5 of the Dungeon
  4043 | D:5      | 4043 ||| PLANNING OSSUARY
  4043 | D:5      | 4043 ||| INVOKING Heroism.
  4046 | D:5      | Reached skill level 1 in Dodging
  4075 | D:5      | Reached XP level 7. HP: 37/43 MP: 7/7
  4100 | D:5      | Found a hide-covered altar of Uskayaw.
  4170 | D:5      | Found a sand-covered staircase.
  4171 | D:5      | 4171 ||| READING scroll labelled NEESKO XUCHUOSH.
  4276 | Ossuary  | Entered an ossuary
  4606 | Ossuary  | 4606 ||| Stepping ~*~*~tactically~*~*~ (stealth).
  4730 | Ossuary  | 4730 ||| READING scroll labelled QIFIUPIHEG.
  4731 | Ossuary  | 4731 ||| DRINKING 2 bubbling white potions.
  4731 | Ossuary  | Gained mutation: You are agile. (Dex +4, Str/Int -1)
                  | [potion of mutation]
  4731 | Ossuary  | Gained mutation: You are partially covered in iridescent
                  | scales. (AC +2) [potion of mutation]
  4731 | Ossuary  | Gained mutation: You have hidden genetic potential. [potion
                  | of mutation]
  4732 | Ossuary  | 4732 ||| DRINKING 3 sapphire potions.
  4733 | Ossuary  | 4733 ||| READING 4 scrolls of identify.
  4733 | Ossuary  | 4733 ||| IDENTIFYING clear potion
  4734 | Ossuary  | 4734 ||| READING 3 scrolls of identify.
  4734 | Ossuary  | 4734 ||| IDENTIFYING sedimented inky potion
  4735 | Ossuary  | 4735 ||| READING 2 scrolls of identify.
  4735 | Ossuary  | 4735 ||| IDENTIFYING red potion
  4736 | Ossuary  | 4736 ||| DROPPING potion of invisibility.
  4760 | D:5      | 4760 ||| PLANNING D:1-11
  4900 | D:5      | Reached skill level 1 in Invocations
  5020 | D:5      | Reached skill level 7 in Axes
  5190 | D:5      | Reached skill level 3 in Invocations
  5190 | D:5      | Reached XP level 8. HP: 45/48 MP: 10/10
  5403 | D:5      | 5403 ||| UPGRADING to amulet of the acrobat.
  5408 | D:5      | 5408 ||| READING 5 scrolls of identify.
  5408 | D:5      | 5408 ||| IDENTIFYING golden potion
  5409 | D:5      | 5409 ||| DROPPING potion of enlightenment.
  5423 | D:6      | 5423 ||| INVOKING Heroism.
  5513 | D:6      | Gained mutation: Your large and strong wings let you fly.
                  | [hidden potential]
  5518 | D:6      | 5518 ||| INVOKING Heroism.
  5636 | D:6      | 5636 ||| Stepping ~*~*~tactically~*~*~ (hiding).
  5637 | D:6      | 5637 ||| Stepping ~*~*~tactically~*~*~ (hiding).
  5642 | D:6      | 5642 ||| INVOKING Heroism.
  5669 | D:6      | 5669 ||| FLEEEEING.
  5670 | D:6      | 5670 ||| FLEEEEING.
  5671 | D:6      | 5671 ||| FLEEEEING.
  5672 | D:6      | 5672 ||| FLEEEEING.
  5673 | D:6      | 5673 ||| FLEEEEING.
  5674 | D:6      | 5674 ||| FLEEEEING.
  5675 | D:6      | 5675 ||| FLEEEEING.
  5676 | D:6      | 5676 ||| FLEEEEING.
  5677 | D:6      | 5677 ||| INVOKING Heroism.
  5723 | D:6      | 5723 ||| DRINKING 8 potions of curing.
  5723 | D:6      | 5723 ||| (to cure confusion)
  5765 | D:6      | Noticed Eustachio
  5766 | D:6      | 5766 ||| INVOKING Heroism.
  5779 | D:6      | Killed Eustachio
  5790 | D:6      | 5790 ||| Stepping ~*~*~tactically~*~*~ (stealth).
  5796 | D:6      | 5796 ||| Stepping ~*~*~tactically~*~*~ (stealth).
  5814 | D:6      | 5814 ||| INVOKING Heroism.
  5817 | D:6      | Reached skill level 8 in Axes
  5884 | D:6      | 5884 ||| Stepping ~*~*~tactically~*~*~ (stealth).
  5888 | D:6      | 5888 ||| INVOKING Heroism.
  5901 | D:6      | Reached skill level 6 in Fighting
  5901 | D:6      | Reached XP level 9. HP: 54/55 MP: 10/12
  5918 | D:6      | 5918 ||| Stepping ~*~*~tactically~*~*~ (stealth).
  5920 | D:6      | 5920 ||| Stepping ~*~*~tactically~*~*~ (stealth).
  5925 | D:6      | 5925 ||| Stepping ~*~*~tactically~*~*~ (stealth).
  5954 | D:6      | 5954 ||| Stepping ~*~*~tactically~*~*~ (stealth).
  5956 | D:6      | 5956 ||| INVOKING Heroism.
  6031 | D:6      | 6031 ||| Stepping ~*~*~tactically~*~*~ (stealth).
  6032 | D:6      | 6032 ||| Stepping ~*~*~tactically~*~*~ (stealth).
  6082 | D:7      | 6082 ||| INVOKING Heroism.
  6112 | D:7      | Gained mutation: You have a pair of small antennae on your
                  | head. [hidden potential]
  6112 | D:7      | Lost mutation: You have hidden genetic potential. [hidden
                  | potential expressed]
  6157 | D:7      | 6157 ||| INVOKING Heroism.
  6161 | D:7      | 6161 ||| Stepping ~*~*~tactically~*~*~ (hiding).
  6165 | D:7      | Noticed Menkaure
  6168 | D:7      | HP: 11/55 [steam dragon] (3)]
  6169 | D:7      | 6169 ||| READING scroll of teleportation.
  6170 | D:7      | 6170 ||| DRINKING 6 potions of heal wounds.
  6172 | D:7      | Killed Menkaure
  6180 | D:7      | 6180 ||| INVOKING Heroism.
  6191 | D:7      | Reached skill level 9 in Axes
  6335 | D:7      | 6335 ||| INVOKING Heroism.
  6360 | D:7      | 6360 ||| FLEEEEING.
  6361 | D:7      | 6361 ||| FLEEEEING.
  6362 | D:7      | 6362 ||| FLEEEEING.
  6363 | D:7      | 6363 ||| FLEEEEING.
  6364 | D:7      | 6364 ||| FLEEEEING.
  6365 | D:7      | 6365 ||| FLEEEEING.
  6366 | D:7      | 6366 ||| FLEEEEING.
  6367 | D:7      | 6367 ||| FLEEEEING.
  6368 | D:7      | 6368 ||| FLEEEEING.
  6369 | D:7      | 6369 ||| FLEEEEING.
  6370 | D:7      | 6370 ||| FLEEEEING.
  6371 | D:7      | 6371 ||| FLEEEEING.
  6374 | D:7      | 6374 ||| Stepping ~*~*~tactically~*~*~ (hiding).
  6381 | D:7      | 6381 ||| Stepping ~*~*~tactically~*~*~ (stealth).
  6382 | D:7      | 6382 ||| Stepping ~*~*~tactically~*~*~ (stealth).
  6383 | D:7      | 6383 ||| Stepping ~*~*~tactically~*~*~ (stealth).
  6388 | D:7      | 6388 ||| Stepping ~*~*~tactically~*~*~ (stealth).
  6404 | D:7      | 6404 ||| Stepping ~*~*~tactically~*~*~ (hiding).
  6410 | D:7      | 6410 ||| INVOKING Heroism.
  6426 | D:7      | HP: 13/55 [orc warrior/+2 halberd of protection (5)]
  6427 | D:7      | 6427 ||| DRINKING 5 potions of heal wounds.
  6523 | D:7      | Found Louvvacsy's Overcharged Wands.
  6533 | D:7      | 6533 ||| SHOPLISTING wand of digging (11) (693 gold, have
                  | 559).
  6615 | D:7      | 6615 ||| INVOKING Heroism.
  6738 | D:7      | 6738 ||| Stepping ~*~*~tactically~*~*~ (stealth).
  6742 | D:7      | 6742 ||| Stepping ~*~*~tactically~*~*~ (hiding).
  6744 | D:7      | 6744 ||| Stepping ~*~*~tactically~*~*~ (hiding).
  6747 | D:7      | 6747 ||| INVOKING Heroism.
  6832 | D:7      | 6832 ||| DROPPING +0 helmet.
  6833 | D:7      | 6833 ||| UPGRADING to +0 plate armour.
  6843 | D:7      | 6843 ||| DROPPING +0 chain mail.
  6856 | D:8      | 6856 ||| STAIRDANCE
  6927 | D:8      | 6927 ||| STAIRDANCE
  6933 | D:7      | 6933 ||| INVOKING Heroism.
  7094 | D:8      | 7094 ||| Stepping ~*~*~tactically~*~*~ (stealth).
  7101 | D:8      | 7101 ||| Stepping ~*~*~tactically~*~*~ (stealth).
  7117 | D:8      | Noticed a two-headed ogre
  7118 | D:8      | 7118 ||| INVOKING Heroism.
  7125 | D:8      | 7125 ||| Stepping ~*~*~tactically~*~*~ (hiding).
  7130 | D:8      | HP: 12/57 [orc wizard/puff of flame (3)]
  7131 | D:8      | 7131 ||| DRINKING 4 potions of heal wounds.
  7133 | D:8      | Killed a two-headed ogre
  7134 | D:8      | Reached skill level 10 in Axes
  7134 | D:8      | Reached XP level 10. HP: 30/63 MP: 11/13
  7136 | D:8      | Reached ** piety under Okawaru
  7139 | D:8      | HP: 4/63 [orc priest/divine providence (13)]
  7140 | D:8      | 7140 ||| DRINKING 3 potions of heal wounds.
  7148 | D:8      | 7148 ||| INVOKING Heroism.
  7149 | D:8      | 7149 ||| DRINKING 7 potions of curing.
  7149 | D:8      | 7149 ||| (to cure confusion)
  7198 | D:8      | 7198 ||| FLEEEEING.
  7206 | D:8      | 7206 ||| STAIRDANCE
  7275 | D:8      | 7275 ||| Stepping ~*~*~tactically~*~*~ (stealth).
  7276 | D:8      | 7276 ||| Stepping ~*~*~tactically~*~*~ (stealth).
  7277 | D:8      | 7277 ||| Stepping ~*~*~tactically~*~*~ (stealth).
  7296 | D:8      | Reached skill level 6 in Armour
  7308 | D:8      | 7308 ||| INVOKING Heroism.
  7326 | D:8      | HP: 10/63 [wyvern (11)]
  7327 | D:8      | 7327 ||| DRINKING 2 potions of heal wounds.
  7335 | D:8      | 7335 ||| INVOKING Heroism.
  7346 | D:8      | Found a staircase to the Lair.
  7535 | D:8      | 7535 ||| FLEEEEING.
  7536 | D:8      | 7536 ||| FLEEEEING.
  7537 | D:8      | 7537 ||| FLEEEEING.
  7538 | D:8      | 7538 ||| FLEEEEING.
  7539 | D:8      | 7539 ||| FLEEEEING.
  7540 | D:8      | 7540 ||| FLEEEEING.
  7541 | D:8      | 7541 ||| FLEEEEING.
  7542 | D:8      | 7542 ||| FLEEEEING.
  7543 | D:8      | 7543 ||| FLEEEEING.
  7544 | D:8      | 7544 ||| FLEEEEING.
  7545 | D:8      | 7545 ||| FLEEEEING.
  7546 | D:8      | 7546 ||| FLEEEEING.
  7547 | D:8      | 7547 ||| FLEEEEING.
  7548 | D:8      | 7548 ||| FLEEEEING.
  7549 | D:8      | 7549 ||| FLEEEEING.
  7550 | D:8      | 7550 ||| FLEEEEING.
  7551 | D:8      | 7551 ||| FLEEEEING.
  7552 | D:8      | 7552 ||| STAIRDANCE
  7580 | D:7      | 7580 ||| READING scroll labelled LOESSIRRO.
  7589 | D:8      | 7589 ||| STAIRDANCE
  7635 | D:8      | 7635 ||| INVOKING Heroism.
  7739 | D:8      | 7739 ||| INVOKING Heroism.
  7746 | D:8      | Reached skill level 11 in Axes
  7794 | D:8      | Noticed a two-headed ogre
  7795 | D:8      | 7795 ||| INVOKING Heroism.
  7804 | D:8      | Killed a two-headed ogre
  7805 | D:8      | Reached skill level 9 in Fighting
  7849 | D:8      | Reached XP level 11. HP: 62/71 MP: 14/14
  7882 | D:8      | 7882 ||| Stepping ~*~*~tactically~*~*~ (hiding).
  7884 | D:8      | Noticed Prince Ribbit
  7903 | D:8      | Killed Prince Ribbit
  7903 | D:8      | Reached *** piety under Okawaru
  8162 | D:8      | 8162 ||| PLANNING LAIR
  8202 | Lair:1   | Entered Level 1 of the Lair of Beasts
  8285 | Lair:1   | 8285 ||| INVOKING Heroism.
  8418 | Lair:1   | 8418 ||| INVOKING Heroism.
  8487 | Lair:1   | 8487 ||| INVOKING Heroism.
  8511 | Lair:1   | Reached skill level 12 in Axes
  8604 | Lair:1   | 8604 ||| INVOKING Heroism.
  8609 | Lair:1   | Noticed a death yak
  8618 | Lair:1   | Noticed a death yak
  8619 | Lair:1   | Reached **** piety under Okawaru
  8620 | Lair:1   | Reached skill level 6 in Shields
  8621 | Lair:1   | Noticed a death yak
  8624 | Lair:1   | HP: 7/71 [cane toad (15)]
  8625 | Lair:1   | 8625 ||| DRINKING potion of heal wounds.
  8630 | Lair:1   | 8630 ||| INVOKING Heroism.
  8631 | Lair:1   | HP: 6/71 [death yak (14)]
  8631 | Lair:1   | Slain by a death yak

Levels and vault maps discovered:
D:1:      onia_arrival_mini_maze_b, layout_basic
D:2:      layout_basic
D:3:      layout_basic, uniq_robin
D:4:      layout_loops_ring, lemuel_blue_sif_altar, minmay_temple_entry_hall,
          chequers_serial_rivers_small_3, uniq_ijyb, uniq_blork_the_orc
D:5:      layout_loops_cross, kennysheep_mini_moat, enter_ossuary_2
D:6:      layout_basic, uniq_eustachio
D:7:      layout_rooms, minmay_misc_feat_nine_boxes,
          nicolae_shop_overcharged_wands, uniq_menkaure
D:8:      layout_rooms, minmay_lair_entry_grove, minmay_misc_feat_alley,
          uniq_prince_ribbit1
Temple:   eino_temple_scatter_basement
Lair:1:   layout_chaotic_city, grunt_megastairs_1, lemuel_fruit_fields,
          infiniplex_staircase_pool

Skill      XL: |  1  2  3  4  5  6  7  8  9 10 11 |
---------------+----------------------------------+-----
Axes           | 2 3 4 5 6 7 8 10 11 12 | 12.0
Fighting       | 4 6 7 9 |  9.2
Dodging        | 1 2 |  2.1
Invocations    | 3 4 |  4.2
Throwing       | 2 |  2.4
Shields        | 4 5 6 |  6.1
Armour         | 5 6 7 |  7.0

Action                     |  1- 3 |  4- 6 |  7- 9 | 10-12 || total
---------------------------+-------+-------+-------+-------++-------
  Melee: War axe           |   101 |   217 |   296 |   232 ||   846
  Throw: Boomerang         |       |       |    51 |    48 ||    99
 Invoke: Heroism           |       |     1 |    17 |    11 ||    29
    Use: Scroll            |     7 |     4 |     7 |     1 ||    19
         Potion            |     1 |     3 |     6 |     4 ||    14
 Armour: Scale mail        |    36 |       |       |       ||    36
         Chain mail        |    25 |   146 |   116 |       ||   287
         Plate armour      |       |       |    62 |   110 ||   172
  Dodge: Dodged            |    46 |    59 |   125 |    78 ||   308
  Block: Buckler           |    15 |    50 |    69 |    44 ||   178

Table legend:
 A = Non-vault XP
 B = Vault XP
 C = Vault XP percentage of total XP
 D = Non-vault monster count
 E = Vault monster count
 F = Vault count percentage of total count
                 A         B        C        D         E       F
            +---------+---------+-------+---------+---------+-------
      Total |    9796 |    4179 |  29.9 |     192 |      51 |  21.0
            +---------+---------+-------+---------+---------+-------
        D:1 |      31 |       1 |   3.1 |      21 |       1 |   4.5
        D:2 |     104 |       0 |   0.0 |      23 |       0 |   0.0
        D:3 |      34 |      39 |  53.4 |      16 |      13 |  44.8
        D:4 |     238 |     131 |  35.5 |      20 |       2 |   9.1
        D:5 |     529 |       0 |   0.0 |      15 |       0 |   0.0
        D:6 |    1116 |     202 |  15.3 |      22 |       1 |   4.3
        D:7 |    1535 |     322 |  17.3 |      28 |       2 |   6.7
        D:8 |    2857 |    2415 |  45.8 |      30 |      13 |  30.2
     Lair:1 |    3352 |     914 |  21.4 |      17 |       3 |  15.0
    Ossuary |       0 |     155 | 100.0 |       0 |      16 | 100.0
            +---------+---------+-------+---------+---------+-------
